 Dungeon Crawl Stone Soup version 0.22-a0-479-gc6e99f3 (webtiles) character file.

47107 Mgcat the Severer (level 14, -8/109 (110) HPs)
             Began as a Demonspawn Berserker on June 14, 2018.
             Was a High Priest of Trog.
             Mangled by a sun demon (10 damage)
             ... on level 2 of the Orcish Mines.
             The game lasted 00:56:15 (20129 turns).

Mgcat the Severer (Demonspawn Berserker)           Turns: 20129, Time: 00:56:16

HP:   -8/109 (110)  AC: 24    Str: 21    XL:     14   Next: 7%
MP:   17/17         EV: 10    Int: 12    God:    Trog [*****.]
Gold: 2007          SH:  0    Dex: 14    Spells: 13/13 levels left

rFire    . . .     SeeInvis .   d - +6 broad axe (flame)
rCold    + + .     Gourm    .   (no shield)
rNeg     + . .     Faith    .   G - +3 chain mail {rC+}
rPois    .         Spirit   .   R - +2 hat {Int+3}
rElec    .         Reflect  .   S - +2 cloak {rC+}
rCorr    +         Harm     .   b - +2 pair of gloves
MR       +....                  (boots unavailable)
Stlth    ..........             m - amulet of the acrobat
HPRegen  0.28/turn              O - ring of positive energy {rN+}
MPRegen  0.15/turn              l - ring of resist corrosion

@: about to teleport, berserk cooldown, slowed, very slow
A: hooves 3, molten scales 2, demonic guardian 1, spiny 1, augmentation 1
a: Berserk, Trog's Hand, Brothers in Arms, Renounce Religion


You were on level 2 of the Orcish Mines.
You worshipped Trog.
Trog was extremely pleased with you.
You were hungry.

You visited 3 branches of the dungeon, and saw 20 of its levels.
You also visited: Sewer, Ossuary and Ice Cave.

You collected 2007 gold pieces.

Inventory:

Hand Weapons
 d - a +6 broad axe of flaming (weapon)
   (Trog gifted it to you on level 1 of the Lair of Beasts)
 E - a +4 vampiric battleaxe
   (Trog gifted it to you on level 2 of the Orcish Mines)
 P - a +3 battleaxe of electrocution
   (Trog gifted it to you on level 6 of the Lair of Beasts)
Missiles
 g - 607 stones
 q - 5 poisoned javelins (quivered)
 A - 2 throwing nets {=f, !d}
Armour
 b - a +2 pair of gloves (worn)
   (You found it on level 3 of the Dungeon)
 G - a +3 chain mail of cold resistance (worn)
   (You took it off an orc on level 5 of the Dungeon)
 R - a +2 hat of intelligence (worn)
   (You found it in an ice cave)
 S - a +2 cloak of cold resistance (worn)
   (You found it in an ice cave)
Jewellery
 l - a ring of resist corrosion (right hand)
   (You found it on level 2 of the Dungeon)
 m - an amulet of the acrobat (around neck)
   (You found it on level 2 of the Dungeon)
 O - a ring of positive energy (left hand) {rN+}
   (You found it on level 5 of the Lair of Beasts)
Wands
 i - a wand of iceblast (31)
   (You found it on level 4 of the Dungeon)
 k - a wand of disintegration (26)
   (You found it on level 2 of the Dungeon)
 t - a wand of paralysis (20)
   (You found it on level 8 of the Dungeon)
 x - a wand of random effects (37)
   (You found it on level 10 of the Dungeon)
 H - a wand of enslavement (18)
   (You found it on level 7 of the Dungeon)
 L - a wand of flame (69)
   (You took it off a hobgoblin on level 8 of the Dungeon)
 M - a wand of acid (19)
   (You took it off an orc wizard on level 8 of the Dungeon)
 N - a wand of polymorph (28)
   (You found it on level 3 of the Lair of Beasts)
Scrolls
 r - 5 scrolls of fog
 u - 11 scrolls of teleportation
 v - 4 scrolls of blinking {!r}
 y - 2 scrolls of identify
 D - 6 scrolls of remove curse
 K - 2 scrolls of fear
Potions
 a - a potion of ambrosia
 e - 3 potions of might
 f - 6 potions of haste
 h - 3 potions of resistance
 n - 2 potions of flight
 o - 3 potions of lignification {!q}
 p - 5 potions of agility
 z - 6 potions of heal wounds
 B - 3 potions of mutation {!q}
 C - a potion of cancellation
 F - 8 potions of curing
 J - 3 potions of invisibility
Miscellaneous
 j - a lightning rod (4/4)
   (You found it on level 4 of the Lair of Beasts)
Comestibles
 c - 40 rations
 s - a chunk of flesh {@w0}


   Skills:
 - Level 10.0 Fighting
 + Level 18.2 Axes
 - Level 5.1 Armour
 - Level 5.0 Dodging
 - Level 5.1 Evocations


You had 13 spell levels left.
You didn't know any spells.
Your spell library contained the following spells:

 Spells                   Type           Power        Failure   Level  Hunger
 Apportation              Tloc           #.....       96%         1    ##.....
 Throw Frost              Conj/Ice       #.....       99%         2    ###....
 Summon Small Mammal      Summ           #...         96%         1    ##.....
 Animate Skeleton         Necr           N/A          96%         1    ##.....
 Freeze                   Ice            #...         96%         1    ##.....
 Summon Ice Beast         Ice/Summ       #.......     100%        4    #####..
 Ozocubu's Armour         Chrm/Ice       #.......     100%        3    ####...
 Throw Icicle             Conj/Ice       #.......     100%        4    #####..
 Confusing Touch          Hex            #.....       96%         1    ##.....
 Call Canine Familiar     Summ           #.......     100%        3    ####...
 Summon Butterflies       Summ           #.......     96%         1    ##.....
 Summon Hydra             Summ           #.........   100%        7    #######
 Summon Mana Viper        Hex/Summ       #.......     100%        5    ######.


Dungeon Overview and Level Annotations

Branches:
Dungeon (12/15)            Temple (0/1) D:5            Lair (6/6) D:11
  Swamp (0/4) Lair:3       Spider (0/4) Lair:4        Slime (0/5) Lair:5
    Orc (2/2) D:12            Elf (0/3) Orc:2

Altars:
Ashenzari
Dithmenos
Elyvilon
Fedhas
Hepliaklqana
Kikubaaqudgha
Makhleb
Nemelex Xobeh
Okawaru
Qazlal
Ru
Vehumet
Xom
Zin
Jiyva

Shops:
D:8 (   D:10 %   Orc:2 ?*(

Annotations:
Lair:3 exclusion: 2 oklob plants


Innate Abilities, Weirdness & Mutations

You have hooves in place of feet.
You are mostly covered in molten scales. (AC +3)
A weak demonic guardian rushes to your aid.
You are partially covered in sharp spines.
Your magical and physical power is slightly enhanced at high health.


Message History

Your chain mail prevents you from hitting the orc.
Unknown command.
Unknown command.
You slice the orc!! You burn the orc.
You kill the orc!
Trog accepts your kill.
You slice the orc!! You burn the orc.
You kill the orc!
Trog accepts your kill.
A neqoxec comes into view.
What are your orders? t - Shout!
Anything else - Cancel.
You are too berserk!
A sun demon comes into view.
The orc warrior barely misses you.
Items here: )) [[ †† a flail; a chain mail; a great sword; a plate armour; an orc corpse x2
You slash the orc warrior! You burn the orc warrior. You kick the orc warrior!
The orc warrior is severely wounded.
You slice the orc warrior!! You burn the orc warrior.
You closely miss the orc warrior.
The orc warrior is severely wounded.
You slash the orc warrior! You burn the orc warrior.
You feel the power of Trog in you as your rage grows.
You kill the orc warrior!
Trog accepts your kill.
You slash the orc warrior! You burn the orc warrior.
You kill the orc warrior!
Trog accepts your kill.
The orc warrior is struck by your spines.
The orc warrior hits you but does no damage.
The orc warrior hits your iron imp with a hand axe!
Your iron imp hits the orc warrior but does no damage.
An orc warrior comes into view. It is wielding an enchanted trident.
Things that are here:
a flail; a plate armour You slash the orc warrior!
You burn the orc warrior.
You kill the orc warrior!
Trog accepts your kill.
You slice the orc!! You burn the orc.
You kill the orc!
Trog accepts your kill.
An orc warrior comes into view. It is wielding a long sword of flaming.
The orc warrior shouts!
You hear a shout!
Your iron imp disappears in a puff of smoke!
You feel a strong urge to attack something.
You completely miss the sun demon. You slash the orc warrior!
You burn the orc warrior. You slice the neqoxec!! You burn the neqoxec.
The sun demon hits you but does no damage.
The neqoxec gestures.
The orc hits you from afar with a trident.
You slice the neqoxec!! You burn the neqoxec.
You kill the neqoxec!
Trog accepts your kill.
The ufetubus disappears in a puff of smoke!
The shadow imp disappears in a puff of smoke!
You slice the sun demon!! You closely miss the orc warrior.
The orc warrior hits you with a short sword!
The orc warrior throws a tomahawk.
The tomahawk barely misses you. The sun demon completely misses you.
You are too injured to fight recklessly!
Your chain mail prevents you from hitting the orc warrior.
You kill the orc warrior!
Trog accepts your kill.
You closely miss the sun demon.
The orc warrior hits you but does no damage.
You closely miss the sun demon. You kick the sun demon!!
The sun demon is severely wounded.
You are no longer berserk.
You are exhausted.
You feel yourself slow down. The orc hits you but does no damage.
An orc priest comes into view. It is wielding a flail.
The sun demon barely misses you.
The orc warrior throws a tomahawk.
The tomahawk closely misses you.
You closely miss the sun demon. You kick the sun demon.
The sun demon is almost dead.
The orc warrior closely misses you. The sun demon hits you!
You are engulfed in flames!!
The orc hits you but does no damage.
The orc warrior throws a tomahawk.
The tomahawk closely misses you.
As you read the scroll of teleportation, it crumbles to dust.
You feel strangely unstable. The sun demon hits you!
You are engulfed in flames!!
* * * LOW HITPOINT WARNING * * *
The orc warrior hits you from afar with an enchanted trident!
* * * LOW HITPOINT WARNING * * *
The orc hits you from afar with a trident!
* * * LOW HITPOINT WARNING * * *
The orc warrior throws a tomahawk.
The tomahawk hits you.
* * * LOW HITPOINT WARNING * * *
The sun demon barely misses you. The orc warrior barely misses you.
As you read the scroll of fear, it crumbles to dust.
You assume a fearsome visage.
The orc looks frightened!
The orc warrior looks frightened!
The sun demon is unaffected.
The orc priest looks frightened!
The orc warrior looks frightened!
The orc no longer looks unusually strong.
The sun demon hits you but does no damage.
The sun demon is struck by your spines. The sun demon hits you.
* * * LOW HITPOINT WARNING * * *
You are engulfed in flames!
You die...

..### # .#..###
## ......## ##.#
.......# #∩.∩##
......##
##.....## #
......##
#..#.#..## ##
.......# #
...5...(## #.
.......#
#...#.#.#)))##
###. .....###
......3@.))()##
##... ....##
.#.#....)#)#))##
#.... ....#
#..o.#...)##).##
##.## ...###..
#o..###...###†.##
###. .####..#
#...#
##.o.###.(#####..
..##..# ...#
##...###.(##.##.
.....# .o#
##...###..(...#
....## .# #...
##...... ...## #.
##.##).


You could see a sun demon, 2 orc warriors, an orc priest (fleeing), an orc
(fleeing) and a friendly shadow imp.

Vanquished Creatures
  A reaper (IceCv)
  Snorg (D:10)
  A fire dragon (Lair:6)
  5 hydras
  Harold (Lair:3)
  A two-headed ogre (D:11)
  The ghost of Slunt the Slicer, a novice HaAs of Nemelex Xobeh (D:10)
  A lindwurm (Lair:6)
  An orc knight (Orc:2)
  2 manticores (D:12)
  A cyclops (Orc:2)
  A rust devil (Orc:2)
  2 ice statues (IceCv)
  3 black mambas
  8 elephants
  Joseph (D:10)
  The ghost of KristoblXynda the Ruffian, a novice TrWz (D:5)
  An orange demon (Orc:2)
  3 centaur skeletons
  3 molten gargoyles (Lair:6)
  2 torpor snails
  The ghost of Amnesiac the Prestidigitator, a novice SpAr of Gozag (D:8)
  6 spiny frogs
  11 komodo dragons
  7 ice devils (IceCv)
  A hornet (D:9)
  Grinder (D:3)
  A queen bee (D:9)
  3 dream sheep (Lair:3)
  2 blink frogs (Lair:4)
  4 hippogriffs
  Sigmund (D:6)
  A vampire (D:11)
  6 wyverns
  21 yaks
  2 basilisks (Lair:6)
  A neqoxec (Orc:2)
  The ghost of Zorot the Chopper, an amateur DsGl (D:3)
  Grum (D:8)
  A warg (Orc:2)
  2 steam dragons (Lair:6)
  An acid dragon (D:11)
  Purgy (Sewer)
  4 water moccasins
  6 porcupines
  4 hell hounds (Lair:6)
  5 sky beasts
  24 orc warriors
  2 black bears
  A swamp drake (Lair:3)
  4 phantoms
  A necrophage (D:9)
  9 ogres
  2 centaurs
  13 ice beasts
  2 wolves (D:8)
  14 crocodiles
  4 elf zombies (Ossuary)
  2 big kobolds
  A wyvern zombie (D:12)
  12 bullfrogs
  8 scorpions
  30 killer bees
  7 wights
  2 electric eels
  5 crimson imps
  4 centaur zombies
  3 bullfrog zombies
  5 lava snakes (Lair:6)
  A quasit (D:12)
  7 hounds
  5 human zombies (Ossuary)
  A jelly (D:12)
  20 orc priests
  Jessica (D:3)
  A bullfrog skeleton (D:4)
  Ijyb (D:5)
  Natasha (thrice) (D:3)
  19 orc wizards
  11 worker ants
  2 hound zombies (D:8)
  3 mummies (Ossuary)
  Robin (D:3)
  A howler monkey skeleton (D:5)
  11 gnolls
  21 adders
  A river rat (Lair:4)
  A shadow imp (D:8)
  9 white imps (IceCv)
  8 ufetubi (IceCv)
  An adder zombie (D:6)
  5 worms
  3 dart slugs
  4 leopard geckos
  69 orcs
  8 ball pythons
  8 giant cockroaches
  19 goblins
  8 hobgoblins
  12 jackals
  16 kobolds
  5 quokkas
  8 bats
  5 frilled lizards
  A jackal skeleton (D:7)
  A quokka skeleton (D:4)
  11 rats
  2 fungi
  A plant (Lair:6)
606 creatures vanquished.

Vanquished Creatures (collateral kills)
  An ice devil (IceCv)
  A blink frog (Lair:4)
  A wyvern (D:7)
  A yak (Lair:1)
  An ice beast (D:7)
  2 ogres
  A bullfrog (D:6)
  An orc priest (D:9)
  An orc wizard (D:6)
  An orc (D:6)
  A quokka (D:8)
12 creatures vanquished.

Vanquished Creatures (others)
  A cyclops (D:11)
  A scorpion (D:11)
  An iguana (D:11)
  2 worker ants (D:11)
  An adder (D:11)
  4 ufetubi (IceCv)
  An orc (D:11)
  6 fungi
  A plant (Lair:5)
18 creatures vanquished.

Grand Total: 636 creatures vanquished

Notes
Turn   | Place    | Note
-------+----------+-------------------------------------------
     0 | D:1      | Mgcat the Demonspawn Berserker began the quest for the Orb.
     0 | D:1      | Reached XP level 1. HP: 18/18 MP: 1/1
   101 | D:1      | Reached skill level 3 in Axes
   174 | D:1      | Gained mutation: You have large cloven feet. [demonic ancestry]
   174 | D:1      | Reached XP level 2. HP: 20/24 MP: 2/2
   934 | D:2      | Reached XP level 3. HP: 29/29 MP: 3/3
   998 | D:2      | Reached skill level 4 in Axes
  1138 | D:2      | Reached ** piety under Trog
  1295 | D:2      | Reached XP level 4. HP: 35/35 MP: 4/4
  1389 | D:2      | Found a shattered altar of Ashenzari.
  1439 | D:2      | Reached skill level 5 in Axes
  1942 | D:2      | Reached XP level 5. HP: 41/41 MP: 5/5
  2080 | D:3      | Noticed Zorot's ghost (amateur DsGl)
  2089 | D:3      | Killed Zorot's ghost
  2089 | D:3      | Reached skill level 6 in Axes
  2089 | D:3      | Reached XP level 6. HP: 47/47 MP: 6/6
  2239 | D:3      | Noticed Grinder
  2291 | D:3      | Killed Grinder
  2291 | D:3      | Reached skill level 7 in Axes
  2327 | D:3      | Noticed Natasha
  2331 | D:3      | Killed Natasha
  2344 | D:3      | Noticed Natasha
  2351 | D:3      | Killed Natasha
  2351 | D:3      | Gained mutation: You have hoof-like feet. [demonic ancestry]
  2351 | D:3      | Reached XP level 7. HP: 38/52 MP: 7/7
  2525 | D:3      | Noticed Natasha
  2531 | D:3      | Killed Natasha
  2981 | D:3      | Noticed Jessica
  2986 | D:3      | Noticed Robin
  3005 | D:3      | Reached *** piety under Trog
  3008 | D:3      | Reached skill level 8 in Axes
  3013 | D:3      | Killed Robin
  3014 | D:3      | Killed Jessica
  3141 | D:4      | Found a glowing drain.
  3190 | Sewer    | Entered a sewer
  3322 | Sewer    | Noticed Purgy
  3330 | Sewer    | Killed Purgy
  3411 | D:4      | Found a sparkling altar of Nemelex Xobeh.
  3468 | D:4      | Found a sand-covered staircase.
  3478 | Ossuary  | Entered an ossuary
  3516 | Ossuary  | Reached skill level 9 in Axes
  3516 | Ossuary  | Gained mutation: You are partially covered in sharp spines. [demonic ancestry]
  3516 | Ossuary  | Reached XP level 8. HP: 45/58 MP: 8/8
  3692 | Ossuary  | Reached skill level 10 in Axes
  3885 | D:4      | Reached **** piety under Trog
  3961 | D:4      | Found a stormy altar of Qazlal.
  4351 | D:4      | Found an ancient bone altar of Kikubaaqudgha.
  4407 | D:5      | Entered Level 5 of the Dungeon
  4542 | D:5      | Noticed KristoblXynda's ghost (novice TrWz)
  4566 | D:5      | Killed KristoblXynda's ghost
  4566 | D:5      | Reached skill level 11 in Axes
  4566 | D:5      | Gained mutation: A weak demonic guardian rushes to your aid. [demonic ancestry]
  4566 | D:5      | Reached XP level 9. HP: 63/63 MP: 9/9
  4627 | D:5      | Found a staircase to the Ecumenical Temple.
  4669 | D:5      | Noticed Ijyb
  4698 | D:5      | Killed Ijyb
  4878 | D:5      | Noticed a cacodemon
  4879 | D:5      | Found a burning altar of Makhleb.
  4882 | D:5      | Found a glowing silver altar of Zin.
  4884 | D:5      | Noticed an angel
  5342 | D:6      | Found a blossoming altar of Fedhas.
  5474 | D:6      | Reached skill level 12 in Axes
  5544 | D:6      | Noticed Sigmund
  5553 | D:6      | Killed Sigmund
  5670 | D:6      | Reached skill level 4 in Fighting
  5794 | D:6      | Found a sacrificial altar of Ru.
  5962 | D:7      | Reached skill level 5 in Fighting
  5977 | D:7      | Reached skill level 2 in Armour
  6048 | D:7      | Reached skill level 3 in Armour
  6188 | D:7      | Found a sacrificial altar of Ru.
  6191 | D:7      | Found a radiant altar of Vehumet.
  6193 | D:7      | Found a hazy altar of Hepliaklqana.
  6531 | D:8      | Reached skill level 4 in Armour
  6584 | D:8      | Received a gift from Trog
  6651 | D:8      | Gained mutation: You have hooves in place of feet. [demonic ancestry]
  6651 | D:8      | Reached XP level 10. HP: 70/74 MP: 10/10
  6677 | D:8      | Noticed Amnesiac's ghost (novice SpAr)
  6685 | D:8      | Killed Amnesiac's ghost
  6685 | D:8      | Reached skill level 5 in Armour
  6772 | D:8      | Reached skill level 2 in Dodging
  6812 | D:8      | Found Egoc's Antique Weapon Shop.
  6893 | D:8      | Reached skill level 3 in Dodging
  7164 | D:8      | Reached skill level 4 in Dodging
  7218 | D:7      | Found a shadowy altar of Dithmenos.
  7244 | D:8      | Found a radiant altar of Vehumet.
  7253 | D:8      | Found an iron altar of Okawaru.
  7255 | D:8      | Noticed Grum
  7269 | D:8      | Killed Grum
  7269 | D:8      | Reached skill level 5 in Dodging
  8100 | D:9      | Found a white marble altar of Elyvilon.
  8292 | D:9      | Reached ***** piety under Trog
  8727 | D:9      | Reached skill level 13 in Axes
  8994 | D:10     | Entered Level 10 of the Dungeon
  9205 | D:10     | Noticed Joseph
  9217 | D:10     | Killed Joseph
  9237 | D:10     | Noticed Slunt's ghost (novice HaAs)
  9684 | D:10     | Noticed Snorg
  9697 | D:10     | Killed Snorg
  9697 | D:10     | Reached XP level 11. HP: 78/78 MP: 11/11
  9798 | D:10     | Killed Slunt's ghost
  9946 | D:10     | Found Diurhem's Food Shop.
 10293 | D:11     | Reached skill level 14 in Axes
 10533 | D:11     | Received a gift from Trog
 10565 | D:11     | Found a shimmering altar of Xom.
 10846 | D:11     | Found a staircase to the Lair.
 10979 | D:11     | Noticed a two-headed ogre
 10987 | D:11     | Killed a two-headed ogre
 10987 | D:11     | Reached skill level 15 in Axes
 11552 | Lair:1   | Entered Level 1 of the Lair of Beasts
 11643 | Lair:1   | Received a gift from Trog
 11907 | Lair:1   | Noticed a six-headed hydra
 11914 | Lair:1   | Killed a four-headed hydra
 11914 | Lair:1   | Gained mutation: Your magical and physical power is slightly enhanced at high health. [demonic ancestry]
 11914 | Lair:1   | Reached XP level 12. HP: 85/85 MP: 12/12
 13004 | Lair:3   | Found a staircase to the Swamp.
 13011 | Lair:3   | Reached skill level 16 in Axes
 13032 | Lair:2   | HP: 21/85 [poisoned by a spiny frog]
 13038 | Lair:2   | HP: 20/85 [poisoned by a spiny frog]
 13045 | Lair:2   | HP: 20/85 [poisoned by a spiny frog]
 13328 | Lair:3   | Noticed Harold
 13342 | Lair:3   | Killed Harold
 13342 | Lair:3   | Reached skill level 6 in Fighting
 13417 | Lair:3   | Reached skill level 7 in Fighting
 13768 | Lair:3   | Reached skill level 8 in Fighting
 14166 | Lair:4   | Reached skill level 9 in Fighting
 14393 | Lair:4   | Found a hole to the Spider Nest.
 14942 | Lair:5   | Found a viscous altar of Jiyva.
 14942 | Lair:5   | Found a staircase to the Slime Pits.
 15238 | Lair:5   | Reached skill level 10 in Fighting
 15245 | Lair:5   | Reached skill level 1 in Evocations
 15358 | Lair:5   | Noticed a seven-headed hydra
 15367 | Lair:5   | Killed a four-headed hydra
 15367 | Lair:5   | Reached skill level 2 in Evocations
 15506 | Lair:5   | Reached skill level 3 in Evocations
 15640 | Lair:5   | Reached skill level 4 in Evocations
 15760 | Lair:6   | Entered Level 6 of the Lair of Beasts
 15764 | Lair:6   | Gained mutation: You are partially covered in molten scales. (AC +2) [demonic ancestry]
 15764 | Lair:6   | Reached XP level 13. HP: 96/102 MP: 16/16
 15769 | Lair:6   | Reached skill level 5 in Evocations
 15963 | Lair:6   | Received a gift from Trog
 16776 | Lair:6   | HP: 25/102 [molten gargoyle/bolt of magma (32)]
 17541 | Lair:6   | Found a large runed door.
 17542 | Lair:6   | Found a large runed door.
 17627 | Lair:6   | Noticed a fire dragon
 17826 | Lair:6   | Killed a fire dragon
 17826 | Lair:6   | Reached skill level 17 in Axes
 18097 | D:12     | Found a staircase to the Orcish Mines.
 18637 | Orc:1    | Entered Level 1 of the Orcish Mines
 18694 | Orc:1    | Received a gift from Trog
 19013 | Orc:2    | Entered Level 2 of the Orcish Mines
 19065 | Orc:2    | Found Wikoatin's Weapon Shoppe.
 19222 | Orc:2    | Found a staircase to the Elven Halls.
 19326 | Orc:2    | Found a frozen archway.
 19339 | Orc:2    | Received a gift from Trog
 19352 | IceCv    | Entered an ice cave
 19514 | IceCv    | Noticed a reaper
 19525 | IceCv    | Killed a reaper
 19525 | IceCv    | Reached skill level 18 in Axes
 20008 | Orc:2    | Gained mutation: You are mostly covered in molten scales. (AC +3) [demonic ancestry]
 20008 | Orc:2    | Reached XP level 14. HP: 106/109 MP: 17/17
 20084 | Orc:2    | Found Luod Xaet's General Store.
 20105 | Orc:2    | Found Ucumaw's Magic Scroll Boutique.
 20112 | Orc:2    | Received a gift from Trog
 20128 | Orc:2    | HP: 26/109 [sun demon (19)]
 20128 | Orc:2    | HP: 5/109 [orc/trident (8)]
 20129 | Orc:2    | HP: 2/109 [sun demon (2)]
 20129 | Orc:2    | Mangled by a sun demon

Vault maps used:
D:1:      dpeg_arrival_renting, minmay_misc_feat_iff
D:2:      minmay_wonky_spiral, ashenzari_altar_1, first_ration
D:3:      uniq_grinder, uniq_jessica, uniq_robin, uniq_natasha
D:4:      nemelex_xobeh_ov_fountains_minmay, lemuel_doored_altar,
          nicolae_qazlal_general_emergency, nicolae_ossuary_entry_monument,
          portal_sewer_entry_c, kennysheep_generic_room_12
D:5:      grunt_temple_overflow_order_and_chaos_2,
          minmay_temple_entry_purple_smoke, uniq_ijyb
D:6:      nicolae_overflow_crystal_walls, basic_altar, minmay_holes,
          kennysheep_small_square, uniq_sigmund
D:7:      lemuel_upstairs_altar, nicolae_overflow_hidden_temple
D:8:      lemuel_round_altar, serial_shops, shop, serial_bayou,
          serial_bayou_pond_e, serial_bayou_pond_b, serial_bayou_ford_a,
          serial_bayou_pond_a, blue_anna_alchemist, vehumet_altar_wand_db,
          uniq_grum
D:9:      elyvilon_altar_1, nicolae_looking_at_the_future
D:10:     serial_shops, nicolae_shop_crystal, uniq_snorg, uniq_joseph
D:11:     erik_lair_dragon, xom_confusion_cloud
D:12:     orc_0_dummy
Lair:2:   lemuel_fruit_fields
Lair:3:   swamp_mist_pool, minivault_25, minmay_lair_oklob_chamber, uniq_harold
Lair:4:   nicolae_spider_entry_non_spiders, infiniplex_staircase_pool,
          serial_bayou_shore_b, grunt_megastairs_3
Lair:5:   dpeg_slime_entry_enclosed_altar
Lair:6:   cheibrodos_lair_end_hotspot
Orc:1:    nicolae_orc_accident_1
Orc:2:    pf_orc_diabolical, serial_shops, shop_fountains,
          portal_ice_cave_entry_ice_beasts
Sewer:    kennysheep_door_sewer
Ossuary:  ossuary_minmay_four_chambers
IceCv:    ice_cave_small_demon

Skill      XL: |  1  2  3  4  5  6  7  8  9 10 11 12 13 |
---------------+----------------------------------------+-----
Axes           | 3 4 5 6 7 9 11 12 13 15 16 18 | 18.2
Fighting       | 5 10 | 10.0
Armour         | 4 5 |  5.1
Dodging        | 5 |  5.0
Evocations     | 4 5 |  5.1

Action                   |  1- 3 |  4- 6 |  7- 9 | 10-12 | 13-15 || total
-------------------------+-------+-------+-------+-------+-------++-------
Melee: Hand axe          |   116 |    70 |   501 |    70 |       ||   757
       Kick              |    15 |    13 |    11 |   162 |   102 ||   303
       War axe           |       |       |       |   273 |       ||   273
       Broad axe         |       |       |       |   150 |   324 ||   474
Invok: Berserk           |     4 |     7 |    17 |    25 |     5 ||    58
       Trog's Hand       |       |     3 |     5 |     1 |     3 ||    12
Evoke: Wand              |       |       |       |     6 |     1 ||     7
  Use: Potion            |       |     3 |       |       |     1 ||     4
       Scroll            |       |       |    17 |    16 |     9 ||    42
 Stab: Sleeping          |     1 |       |       |       |       ||     1
       Distracted        |       |       |       |     5 |     2 ||     7
       Paralysed         |       |       |       |     6 |       ||     6
  Eat: Chunk             |     4 |    11 |    29 |    43 |     5 ||    92
       Ration            |       |       |     1 |     3 |     4 ||     8
Armor: Leather armour    |    18 |       |       |       |       ||    18
       Animal skin       |     1 |       |       |       |       ||     1
       Ring mail         |    28 |    18 |    11 |       |       ||    57
       Chain mail        |       |       |   198 |   168 |   103 ||   469
Dodge: Dodged            |    91 |    37 |   163 |   236 |   179 ||   706

Table legend:
 A = Spawn XP
 B = Non-spawn XP
 C = Spawn XP percentage of total XP
 D = Spawn monster count
 E = Non-spawn monster count
 F = Spawn count percentage of total count
 G = Total turns spent on level
                    A         B        C        D         E        F      G
               +---------+---------+-------+---------+---------+-------+---------
         Total |       0 |   67297 |   0.0 |       0 |     615 |   0.0 | 20129
               +---------+---------+-------+---------+---------+-------+---------
           D:1 |       0 |      37 |   0.0 |       0 |      20 |   0.0 |   901
           D:2 |       0 |     161 |   0.0 |       0 |      37 |   0.0 |  1172
           D:3 |       0 |     847 |   0.0 |       0 |      36 |   0.0 |  1055
           D:4 |       0 |     443 |   0.0 |       0 |      25 |   0.0 |   682
           D:5 |       0 |     955 |   0.0 |       0 |      21 |   0.0 |   752
           D:6 |       0 |     896 |   0.0 |       0 |      19 |   0.0 |   676
           D:7 |       0 |     798 |   0.0 |       0 |      12 |   0.0 |   731
           D:8 |       0 |    2974 |   0.0 |       0 |      55 |   0.0 |  1228
           D:9 |       0 |    2361 |   0.0 |       0 |      33 |   0.0 |  1672
          D:10 |       0 |    2679 |   0.0 |       0 |      11 |   0.0 |   771
          D:11 |       0 |    6650 |   0.0 |       0 |      59 |   0.0 |  1361
          D:12 |       0 |    2841 |   0.0 |       0 |      18 |   0.0 |   581
        Lair:1 |       0 |    3061 |   0.0 |       0 |      11 |   0.0 |   692
        Lair:2 |       0 |    1167 |   0.0 |       0 |       7 |   0.0 |  1080
        Lair:3 |       0 |    5785 |   0.0 |       0 |      25 |   0.0 |   730
        Lair:4 |       0 |    3801 |   0.0 |       0 |      20 |   0.0 |   934
        Lair:5 |       0 |    4528 |   0.0 |       0 |      14 |   0.0 |  1420
        Lair:6 |       0 |   13501 |   0.0 |       0 |      42 |   0.0 |  1602
         Orc:1 |       0 |    1102 |   0.0 |       0 |      22 |   0.0 |   376
         Orc:2 |       0 |    6430 |   0.0 |       0 |      79 |   0.0 |   739
         Sewer |       0 |     153 |   0.0 |       0 |       6 |   0.0 |   200
       Ossuary |       0 |     804 |   0.0 |       0 |      15 |   0.0 |   397
         IceCv |       0 |    5323 |   0.0 |       0 |      28 |   0.0 |   377
               +---------+---------+-------+---------+---------+-------+---------

Vault maps used:
D:1:      dpeg_arrival_renting, minmay_misc_feat_iff
D:2:      minmay_wonky_spiral, ashenzari_altar_1, first_ration
D:3:      uniq_grinder, uniq_jessica, uniq_robin, uniq_natasha
D:4:      nemelex_xobeh_ov_fountains_minmay, lemuel_doored_altar,
          nicolae_qazlal_general_emergency, nicolae_ossuary_entry_monument,
          portal_sewer_entry_c, kennysheep_generic_room_12
D:5:      grunt_temple_overflow_order_and_chaos_2,
          minmay_temple_entry_purple_smoke, uniq_ijyb
D:6:      nicolae_overflow_crystal_walls, basic_altar, minmay_holes,
          kennysheep_small_square, uniq_sigmund
D:7:      lemuel_upstairs_altar, nicolae_overflow_hidden_temple
D:8:      lemuel_round_altar, serial_shops, shop, serial_bayou,
          serial_bayou_pond_e, serial_bayou_pond_b, serial_bayou_ford_a,
          serial_bayou_pond_a, blue_anna_alchemist, vehumet_altar_wand_db,
          uniq_grum
D:9:      elyvilon_altar_1, nicolae_looking_at_the_future
D:10:     serial_shops, nicolae_shop_crystal, uniq_snorg, uniq_joseph
D:11:     erik_lair_dragon, xom_confusion_cloud
D:12:     orc_0_dummy
Lair:2:   lemuel_fruit_fields
Lair:3:   swamp_mist_pool, minivault_25, minmay_lair_oklob_chamber, uniq_harold
Lair:4:   nicolae_spider_entry_non_spiders, infiniplex_staircase_pool,
          serial_bayou_shore_b, grunt_megastairs_3
Lair:5:   dpeg_slime_entry_enclosed_altar
Lair:6:   cheibrodos_lair_end_hotspot
Orc:1:    nicolae_orc_accident_1
Orc:2:    pf_orc_diabolical, serial_shops, shop_fountains,
          portal_ice_cave_entry_ice_beasts
Sewer:    kennysheep_door_sewer
Ossuary:  ossuary_minmay_four_chambers
IceCv:    ice_cave_small_demon

Table legend:
 A = Turns spent in this place as a percentage of turns spent in the entire game.
 B = Non-inter-level travel turns spent in this place as a percentage of non-inter-level travel turns spent in the entire game.
 C = Inter-level travel turns spent in this place as a percentage of turns spent in this place.
 D = Turns resting spent in this place as a percentage of non-inter-level travel turns spent in this place.
 E = Turns spent auto-exploring this place as a percentage of non-inter-level travel turns spent in this place.
 F = Non-inter-level travel turns spent in this place divided by the number of levels of this place that you've seen.
                   A       B       C       D       E      F
               +-------+-------+-------+-------+-------+----------------------
         Total | 100.0 | 100.0 |   4.8 |  17.1 |  62.0 | 833.4
       Dungeon |  57.5 |  57.5 |   4.9 |  16.9 |  60.1 | 917.8
          Lair |  32.1 |  31.8 |   5.6 |  19.3 |  68.9 | 1015.7
  Orcish Mines |   5.5 |   5.7 |   2.5 |   0.8 |  73.8 | 543.5
         Sewer |   1.0 |   1.0 |   0.0 |  15.0 |  32.5 | 200.0
       Ossuary |   2.0 |   2.1 |   0.0 |  30.0 |  24.9 | 397.0
      Ice Cave |   1.9 |   2.0 |   0.0 |  24.7 |  24.9 | 377.0
               +-------+-------+-------+-------+-------+----------------------

Table legend:
 A = Kills in this place as a percentage of kills in entire the game.
 B = Kills by you in this place as a percentage of kills by you in the entire game.
 C = Kills by friends in this place as a percentage of kills by friends in the entire game.
 D = Other kills in this place as a percentage of other kills in the entire game.
 E = Experience gained in this place as a percentage of experience gained in the entire game.
 F = Experience gained in this place divided by the number of levels of this place that you have seen.
                   A       B       C       D       E      F
               +-------+-------+-------+-------+-------+----------------------
         Total | 100.0 | 100.0 | 100.0 |   N/A | 100.0 | 2926.0
       Dungeon |  56.3 |  55.9 |  75.0 |   N/A |  32.2 | 1803.5
          Lair |  19.3 |  19.4 |  16.7 |   N/A |  47.3 | 5307.2
  Orcish Mines |  16.4 |  16.7 |   0.0 |   N/A |  11.2 | 3766.0
         Sewer |   1.0 |   1.0 |   0.0 |   N/A |   0.2 | 153.0
       Ossuary |   2.4 |   2.5 |   0.0 |   N/A |   1.2 | 804.0
      Ice Cave |   4.6 |   4.5 |   8.3 |   N/A |   7.9 | 5323.0
               +-------+-------+-------+-------+-------+----------------------
